 Dungeon Crawl Stone Soup version 0.21.0-3-g78d12a8 (webtiles) character file.

952 no0bjke the Cleaver (level 8, -2/46 HPs)
             Began as a Gargoyle Fighter on Jan 9, 2018.
             Blown up by Ijyb (13 damage)
             ... with a wand of disintegration (8)
             ... on level 4 of the Dungeon.
             The game lasted 00:05:41 (4195 turns).

no0bjke the Cleaver (Gargoyle Fighter)              Turns: 4195, Time: 00:05:42

Health: -2/46      AC: 13    Str: 23    XL:     8   Next: 13%
Magic:  8/8        EV:  7    Int:  8    God:
Gold:   173        SH:  9    Dex:  9    Spells: 7/7 levels left

rFire    . . .     SeeInvis .   a - +0 war axe
rCold    . . .     Gourm    .   c - +0 shield
rNeg     + . .     Faith    +   b - +0 scale mail
rPois    ∞         Spirit   .   o - +0 helmet
rElec    +         Reflect  .   (no cloak)
rCorr    .         Harm     .   (no gloves)
MR       .....                  (no boots)
Stlth    ..........             k - amulet of faith
HPRegen  0.15/turn              (no ring)
MPRegen  0.11/turn              (no ring)

@: no status effects
A: negative energy resistance 1, electricity resistance, unbreathing,
petrification resistance, rot immunity, AC +5
a: no special abilities


You were on level 4 of the Dungeon.
You were not hungry.

You visited 1 branch of the dungeon, and saw 5 of its levels.

You collected 173 gold pieces.

Inventory:

Hand Weapons
 a - a +0 war axe (weapon)
Armour
 b - a +0 scale mail (worn)
 c - a +0 shield (worn)
 o - a +0 helmet (worn)
Jewellery
 k - an amulet of faith (around neck)
Wands
 j - a wand of flame (71)
Scrolls
 e - a scroll of identify {unknown}
 h - a scroll of immolation {unknown}
 i - 3 scrolls of remove curse {unknown}
 n - a scroll of amnesia {unknown}
 s - 2 scrolls of magic mapping {unknown}
 t - a scroll of teleportation {unknown}
 u - 2 scrolls of enchant weapon {unknown}
Potions
 d - 2 potions of might
 g - 3 potions of brilliance {unknown}
 l - 2 potions of lignification {unknown}
 m - a potion of haste
 p - a potion of ambrosia {unknown}
 q - a potion of mutation {unknown}
 r - a potion of resistance {unknown}
 v - a potion of heal wounds {unknown}
Comestibles
 f - 9 rations
 w - 2 chunks of flesh


   Skills:
 - Level 3.2 Fighting
 * Level 8.5 Axes
 - Level 3.2 Armour
 - Level 3.2 Shields


You had 7 spell levels left.
You didn't know any spells.

Dungeon Overview and Level Annotations

Branches:
Dungeon (5/15)
 Temple: D:4-7

Altars:
Ashenzari
Elyvilon
Hepliaklqana
Okawaru
Trog

Annotations:
D:4 Ijyb, Sigmund


Innate Abilities, Weirdness & Mutations

You are resistant to torment.
Your stone body is resilient. (AC +5)
You are immune to poison.
You resist negative energy. (rN+)
You are resistant to electric shocks. (rElec)
You can survive without breathing.
You are immune to petrification.
You are immune to rotting.


Message History

The magic dart hits you!
Found a stone staircase leading up.
Ijyb the Twisted Goblin comes into view.
She is wielding a club.
A scorpion comes into view.
Ijyb shouts!
Ijyb zaps a wand.
You are blasted!
It is a wand of disintegration (10).
Found 17 stones.
Sigmund casts a spell at you. You block the puff of flame.
Found a stone staircase leading down.
You see here 11 gold pieces.
You now have 173 gold pieces (gained 11).
Ijyb zaps a wand.
You are blasted!
* * * LOW HITPOINT WARNING * * *
Ijyb zaps a wand.
You are blasted!
* * * LOW HITPOINT WARNING * * *
You see here a worker ant corpse.
Okay, then.
Ijyb zaps a wand.
You are blasted!
You die...

##...## #.# ##.## #.# #.#
##.# +#.#+ ##..#
..###...###...##
.......8........#
...###...###....# . +#.#+
##...# #@# ##..# ##.##
#..# ##...## #..#
####..s..####..###### #
..................... .
#.########....#...#######
# ...#........#####.....#
#..#.######.g.#...###.#
#..#.# ###.#.###


You could see Ijyb and a scorpion.

Vanquished Creatures
  The ghost of MDvedh the Spear-Bearer, a novice MfWn of Ashenzari (D:3)
  A hungry ghost (D:4)
  A sky beast (D:5)
  An orc priest (D:5)
  2 orc wizards
  2 iguanas (D:5)
  2 worker ants
  Natasha (thrice) (D:2)
  Robin (D:3)
  7 gnolls
  3 adders
  2 oozes
  An adder skeleton (D:5)
  3 worms
  A dart slug (D:1)
  3 leopard geckos
  11 orcs
  2 giant cockroaches
  15 goblins
  3 hobgoblins
  4 jackals
  A ball python (D:1)
  4 bats
  2 frilled lizards
  7 kobolds
  A quokka skeleton (D:5)
  2 rats
86 creatures vanquished.

Notes
Turn   | Place    | Note
-------+----------+-------------------------------------------
     0 | D:1      | no0bjke the Gargoyle Fighter began the quest for the Orb.
     0 | D:1      | Reached XP level 1. HP: 14/14 MP: 1/1
    55 | D:1      | Reached skill level 2 in Axes
   167 | D:1      | Reached XP level 2. HP: 17/19 MP: 2/2
   698 | D:2      | Reached skill level 3 in Axes
   703 | D:2      | Reached XP level 3. HP: 21/23 MP: 3/3
   822 | D:2      | Noticed Natasha
   828 | D:2      | Killed Natasha
   828 | D:2      | Reached XP level 4. HP: 22/28 MP: 4/4
  1350 | D:2      | Reached skill level 4 in Axes
  1813 | D:2      | Noticed Natasha
  1819 | D:2      | Killed Natasha
  1819 | D:2      | Reached XP level 5. HP: 11/32 MP: 5/5
  1872 | D:2      | Noticed Natasha
  1889 | D:2      | Killed Natasha
  2208 | D:3      | Noticed MDvedh's ghost (novice MfWn)
  2234 | D:3      | Killed MDvedh's ghost
  2234 | D:3      | Reached skill level 6 in Axes
  2234 | D:3      | Reached XP level 6. HP: 37/37 MP: 6/6
  2456 | D:3      | Reached XP level 7. HP: 41/41 MP: 7/7
  2485 | D:3      | Noticed Robin
  2493 | D:3      | Killed Robin
  2753 | D:3      | Reached skill level 7 in Axes
  3148 | D:3      | You fall through a shaft for 2 floors!
  3148 | D:5      | Entered Level 5 of the Dungeon
  3208 | D:5      | Found a bloodstained altar of Trog.
  3991 | D:4      | Noticed a hungry ghost
  4012 | D:4      | Killed a hungry ghost
  4012 | D:4      | Reached skill level 8 in Axes
  4012 | D:4      | Reached XP level 8. HP: 40/46 MP: 8/8
  4040 | D:4      | Found a white marble altar of Elyvilon.
  4161 | D:4      | Found a shattered altar of Ashenzari.
  4162 | D:4      | Found a hazy altar of Hepliaklqana.
  4167 | D:4      | Found an iron altar of Okawaru.
  4168 | D:4      | Noticed Sigmund
  4169 | D:4      | Noticed Ijyb
  4195 | D:4      | Blown up by Ijyb

Skill      XL: |  1  2  3  4  5  6  7 |
---------------+----------------------+-----
Axes           | 2 3 4 6 8 |  8.5
Fighting       | |  3.2
Armour         | |  3.2
Shields        | |  3.2

Action                   |  1- 3 |  4- 6 |  7- 9 || total
-------------------------+-------+-------+-------++-------
Melee: War axe           |    75 |   133 |   222 ||   430
  Eat: Chunk             |       |     5 |     8 ||    13
       Ration            |       |       |     1 ||     1
Armor: Scale mail        |    38 |    87 |   117 ||   242
Dodge: Dodged            |    29 |    52 |    53 ||   134
Block: Shield            |    41 |    78 |    92 ||   211
